 Dungeon Crawl Stone Soup version 0.25.1-2-g60ff931df9 (webtiles) character file.

Game seed: 1482888004533921909

26550 Tobbi the Cleaver (level 12, -11/95 HPs)
             Began as a Demonspawn Gladiator on Sept 18, 2020.
             Was a High Priest of Qazlal.
             Killed from afar by a balrug (75 damage)
             ... with a fireball
             ... on level 2 of the Abyss.
             The game lasted 01:04:29 (20083 turns).

Tobbi the Cleaver (Demonspawn Gladiator)           Turns: 20083, Time: 01:04:33

Health: -11/95     AC: 24    Str: 19    XL:     12   Next: 99%
Magic:  12/12      EV:  8    Int:  9    God:    Qazlal [*****.]
Gold:   319        SH:  6    Dex: 16    Spells: 11/11 levels left

rFire    x . .     SeeInvis +   b - +6 battleaxe (elec)
rCold    + + .     Gourm    .   (shield currently unavailable)
rNeg     . . .     Faith    .   Q - +2 plate armour {rC+}
rPois    .         Spirit   .   (helmet restricted)
rElec    .         Reflect  .   H - +0 cloak (curse)
rCorr    .         Harm     .   c - +0 pair of gloves
MR       .....                  J - +0 pair of boots
Stlth    ..........             (no amulet)
HPRegen  0.25/turn              r - ring of ice
MPRegen  0.13/turn              E - ring of see invisible

@: repel missiles
A: horns 2, yellow scales 2, demonic guardian 2, rot immunity
a: Upheaval, Elemental Force, Disaster Area, Renounce Religion


You were on level 2 of the Abyss.
You worshipped Qazlal.
Qazlal was extremely pleased with you.
You were not hungry.

You visited 5 branches of the dungeon, and saw 17 of its levels.
You visited the Abyss 1 time.
You visited 1 bazaar.
You also visited: Bailey.

You collected 1546 gold pieces.
You spent 1227 gold pieces at shops.

Inventory:

Hand Weapons
 b - a +6 battleaxe of electrocution (weapon)
 i - a +6 war axe of electrocution
Missiles
 d - 2 throwing nets (quivered)
Armour
 c - a +0 pair of gloves (worn)
 G - a +1 cloak
 H - a cursed +0 cloak (worn)
 J - a +0 pair of boots (worn)
 Q - a +2 plate armour of cold resistance (worn)
 S - the +10 tower shield of Ignorance {rN+ Int-4}
   (You found it in a bailey)

   It affects your intelligence (-4).
   It protects you from negative energy.
Jewellery
 r - a ring of ice (left hand)
 x - an uncursed ring of positive energy
 A - an uncursed ring of protection from magic {unknown}
 E - a ring of see invisible (right hand)
Wands
 s - a wand of digging (9)
 B - a wand of acid (10)
 L - a wand of enslavement (7)
 O - a wand of iceblast (9)
Scrolls
 h - 5 scrolls of teleportation
 l - 2 scrolls of magic mapping {unknown}
 o - 2 scrolls of enchant armour {unknown}
 p - 9 scrolls of remove curse
 t - a scroll of vulnerability {unknown}
 u - a scroll of fog {unknown}
 w - 2 scrolls of random uselessness {unknown}
 y - 3 scrolls of blinking
 D - 2 scrolls of enchant weapon {unknown}
 M - a scroll of summoning
 P - 4 scrolls of fear {unknown}
Potions
 e - 4 potions of curing
 g - 2 potions of flight
 m - 2 potions of degeneration {unknown}
 n - a potion of ambrosia {unknown}
 q - a potion of cancellation {unknown}
 C - 2 potions of mutation {unknown}
 F - 3 potions of stabbing {unknown}
 I - 3 potions of might
 K - 3 potions of brilliance {unknown}
Miscellaneous
 R - a box of beasts
Comestibles
 f - 13 rations


   Skills:
 + Level 9.0 Fighting
 * Level 14.1 Axes
 - Level 1.7 Throwing
 * Level 10.9 Armour
 - Level 3.0 Dodging
 - Level 1.0 Stealth
 - Level 4.4 Shields


You had 11 spell levels left.
You didn't know any spells.
Your spell library contained the following spells:

 Spells                   Type           Power        Failure   Level  Hunger
 Animate Skeleton         Necr           N/A          100%        1    ##.....
 Corona                   Hex            #......      100%        1    ##.....
 Pain                     Necr           #...         100%        1    ##.....
 Ensorcelled Hibernation  Hex/Ice        #.....       100%        2    ###....
 Slow                     Hex            #.......     100%        2    ###....
 Confusing Touch          Hex            #.......     100%        3    ####...
 Dazzling Flash           Conj/Hex       #.....       100%        3    ####...
 Inner Flame              Hex/Fire       #.......     100%        3    ####...
 Portal Projectile        Hex/Tloc       #.....       100%        3    ####...
 Tukima's Dance           Hex            #.......     100%        3    ####...
 Vampiric Draining        Necr           #.........   100%        3    ####...
 Animate Dead             Necr           N/A          100%        4    #####..
 Cause Fear               Hex            #.........   100%        4    #####..
 Leda's Liquefaction      Hex/Erth       #.........   100%        4    #####..
 Agony                    Necr           #.......     100%        5    ######.


Dungeon Overview and Level Annotations

Branches:
Dungeon (12/15)            Temple (1/1) D:6            Lair (1/6) D:8
    Orc (2/2) D:12            Elf (1/3) Orc:2        Bailey (visited)

Altars:
Cheibriados
Elyvilon
Hepliaklqana
Qazlal
Vehumet
Wu Jian
Xom
The Shining One
Beogh

Shops:
D:6 !   D:11 %*   D:12 (   Orc:1 *(   Orc:2 (%(:=

Annotations:
Orc:1 2 transporters, DildoBatman's ghost, journeyman FoWz


Innate Abilities, Weirdness & Mutations

You have a pair of horns on your head.
You are mostly covered in yellow scales. (AC +3)
A demonic guardian rushes to your aid.
You are immune to rotting.


Message History

Found 23 stones.
You start resting.
You hear a horrible gurgling sound!
You hear a shout! x2
A balrug comes into view. It is wielding a +0 demon whip.
The balrug gestures at you.
The sticky flame hits your soul eater but does no damage.
Your soul eater is covered in liquid flames!
Your soul eater hits the balrug but does no damage.
Your soul eater burns!
A chaos spawn comes into view.
Your soul eater hits the balrug but does no damage.
A starcursed mass comes into view.
Your soul eater burns!
The starcursed mass shrieks in your mind.
The balrug gestures at you.
The fireball explodes!
The fireball engulfs you!!!! The fire burns you terribly!
Ouch! That really hurt!
You die...

........ ..
#......# ..
......##.....
....... ....
..... ....
..? ... #.##
.# ## #@##..#
. ##
#..#..2##.#
...
#..#.##.#.#.#
.. .... #X
##.3.##2#. .
### .#
#.#.#...(...
# ###4°# #.#
##..# ..## .
..


You could see a starcursed mass, a balrug, a chaos spawn and a friendly soul
eater (summoned, burning).

Vanquished Creatures
  A hydra (D:12)
  2 two-headed ogres
  2 dancing weapons (Elf:1)
  2 death yaks (D:8)
  An orc high priest (Orc:2)
  A deep elf knight (Elf:1)
  Sonja (Orc:2)
  An unseen horror (D:11)
  3 orc knights (Orc:1)
  A cyclops (D:12)
  2 deep elf magi (Elf:1)
  3 orc sorcerers
  A centaur skeleton (D:11)
  5 trolls
  A spriggan (D:9)
  Sigmund (D:3)
  A hippogriff (D:8)
  2 fire elementals (Elf:1)
  2 wraiths
  11 yaks
  A wyvern (D:12)
  Eustachio (D:5)
  2 hungry ghosts
  2 wargs
  Menkaure (D:6)
  19 orc warriors
  A black bear (shapeshifter) (Elf:1)
  A sky beast (D:7)
  2 necrophages
  2 ice beasts
  2 eyes of draining (D:9)
  4 ogres
  6 centaurs
  2 big kobolds
  10 bullfrogs
  4 scorpions
  A wyvern skeleton (D:10)
  4 killer bees (D:6)
  4 wights (D:9)
  4 howler monkeys
  5 crimson imps
  5 bullfrog zombies
  10 orc priests
  Crazy Yiuf (D:3)
  2 jellies
  Terence (D:3)
  2 bullfrog skeletons
  A hell rat (D:8)
  18 orc wizards
  3 iguanas
  6 worker ants
  A hound skeleton (D:5)
  2 worker ant zombies
  15 gnolls
  8 adders
  A shadow imp (D:5)
  An ooze (D:3)
  2 adder skeletons
  A worm (D:2)
  2 dart slugs
  8 leopard geckos
  50 orcs
  2 ball pythons (D:1)
  5 giant cockroaches
  12 goblins
  14 hobgoblins
  14 jackals
  15 kobolds
  7 quokkas
  A ball python skeleton (D:4)
  6 bats
  3 frilled lizards
  5 rats
346 creatures vanquished.

Vanquished Creatures (collateral kills)
  Josephine (Orc:2)
  Erolcha (Orc:2)
  A two-headed ogre (D:12)
  2 orc high priests (Orc:2)
  2 orc knights (Orc:2)
  A deep elf mage (Elf:1)
  An orc sorcerer (Orc:2)
  Joseph (D:7)
  A centaur zombie (D:12)
  A yaktaur (D:12)
  A troll (Orc:2)
  Prince Ribbit (D:6)
  2 wraiths (Orc:2)
  A yak (D:11)
  A steam dragon (D:11)
  2 centaurs
  A gnoll sergeant (D:6)
  A killer bee (D:6)
  A howler monkey (D:10)
  3 orc priests
  An orc wizard (Orc:2)
  A worker ant (D:12)
  An adder (D:8)
  A leopard gecko (D:8)
  2 orcs
32 creatures vanquished.

Grand Total: 378 creatures vanquished

Notes
Turn   | Place    | Note
-------+----------+-------------------------------------------
     0 | D:1      | Tobbi the Demonspawn Gladiator began the quest for the Orb.
     0 | D:1      | Reached XP level 1. HP: 16/16 MP: 1/1
   281 | D:1      | Reached skill level 3 in Axes
   284 | D:1      | Gained mutation: You are partially covered in yellow
                  | scales. (AC +2) [demonic ancestry]
   284 | D:1      | Reached XP level 2. HP: 22/22 MP: 2/2
   850 | D:1      | Gained mutation: You have a pair of small horns on your
                  | head. [demonic ancestry]
   850 | D:1      | Reached XP level 3. HP: 26/28 MP: 3/3
  1588 | D:2      | Reached XP level 4. HP: 34/34 MP: 4/4
  1702 | D:2      | Reached skill level 4 in Axes
  2296 | D:3      | Noticed Sigmund
  2313 | D:3      | Noticed Terence
  2324 | D:3      | Killed Sigmund
  2324 | D:3      | Reached skill level 5 in Axes
  2324 | D:3      | Reached skill level 1 in Armour
  2324 | D:3      | Reached skill level 1 in Stealth
  2324 | D:3      | Gained mutation: You are immune to rotting. [demonic
                  | ancestry]
  2324 | D:3      | Reached XP level 5. HP: 32/41 MP: 5/5
  2324 | D:3      | Reached XP level 6. HP: 37/47 MP: 6/6
  2390 | D:3      | Killed Terence
  2715 | D:3      | You fall into a shaft and drop 1 floor!
  3066 | D:4      | You fall into a shaft and drop 3 floors!
  3170 | D:6      | Found a staircase to the Ecumenical Temple.
  3186 | Temple   | Entered the Ecumenical Temple
  3207 | Temple   | Became a worshipper of Qazlal Stormbringer
  3238 | D:6      | Noticed Menkaure
  3242 | D:5      | Entered Level 5 of the Dungeon
  3282 | D:5      | Reached skill level 1 in Shields
  3286 | D:5      | HP: 2/47 [poisoned by a scorpion]
  3578 | D:5      | Reached XP level 7. HP: 26/52 MP: 7/7
  3938 | D:4      | Reached * piety under Qazlal
  4223 | D:3      | Reached skill level 6 in Axes
  4308 | D:3      | Found a runed translucent door.
  4309 | D:3      | Noticed Crazy Yiuf
  4684 | D:3      | Killed Crazy Yiuf
  5653 | D:5      | Gained mutation: You are mostly covered in yellow scales.
                  | (AC +3) [demonic ancestry]
  5653 | D:5      | Reached XP level 8. HP: 60/60 MP: 8/8
  6025 | D:6      | Noticed Eustachio
  6289 | D:5      | Killed Eustachio
  6299 | D:6      | Killed Menkaure
  6299 | D:6      | Reached skill level 5 in Fighting
  6299 | D:6      | Reached skill level 7 in Axes
  6535 | D:6      | Gained mutation: A weak demonic guardian rushes to your
                  | aid. [demonic ancestry]
  6535 | D:6      | Reached XP level 9. HP: 67/68 MP: 9/9
  6584 | D:6      | Found Wabae's Distillery.
  6588 | D:6      | Bought a potion of heal wounds for 65 gold pieces
  7016 | D:6      | Found a shimmering altar of Xom.
  7016 | D:6      | Noticed Prince Ribbit
  7019 | D:6      | Found a radiant altar of Vehumet.
  7019 | D:6      | Found a hazy altar of Hepliaklqana.
  7021 | D:6      | Found a shimmering altar of Xom.
  7021 | D:6      | Found a hazy altar of Hepliaklqana.
  7021 | D:6      | Found a shimmering altar of Xom.
  7026 | D:6      | Killed Prince Ribbit
  7026 | D:6      | Reached skill level 5 in Armour
  7234 | D:6      | Reached ** piety under Qazlal
  8365 | D:7      | Noticed Joseph
  8390 | D:7      | Killed Joseph
  8440 | D:8      | Noticed a death yak
  8458 | D:8      | Noticed a death yak
  8458 | D:8      | Noticed a death yak
  8463 | D:8      | HP: 3/69 [death yak (21)]
  8467 | D:8      | Killed a death yak
  8467 | D:8      | Reached skill level 8 in Axes
  8479 | D:7      | HP: 2/71 [death yak (14)]
  8967 | D:8      | Found a glowing golden altar of the Shining One.
  9061 | D:8      | Reached XP level 10. HP: 72/77 MP: 10/10
  9148 | D:8      | Found a staircase to the Lair.
  9798 | Lair:1   | Entered Level 1 of the Lair of Beasts
  9806 | Lair:1   | Noticed a seven-headed hydra
  9951 | D:8      | Killed a death yak
 10323 | D:8      | Reached skill level 9 in Axes
 10472 | D:9      | Found a snail-covered altar of Cheibriados.
 11689 | D:9      | Reached *** piety under Qazlal
 11974 | D:9      | Reached skill level 10 in Axes
 12375 | D:10     | Entered Level 10 of the Dungeon
 12887 | D:11     | Noticed a two-headed ogre
 12897 | D:11     | Killed a two-headed ogre
 13109 | D:11     | Noticed an unseen horror
 13124 | D:11     | Killed an unseen horror
 13124 | D:11     | Gained mutation: You have a pair of horns on your head.
                  | [demonic ancestry]
 13124 | D:11     | Reached XP level 11. HP: 71/84 MP: 11/11
 13387 | D:11     | Found Maetics's Food Shoppe.
 13474 | D:11     | Found Waokeliu's Island Escapes.
 13520 | D:11     | HP: 1/84 [orc warrior/+0 dire flail of holy wrath (10)]
 14390 | D:11     | Reached skill level 11 in Axes
 14526 | D:12     | Noticed a two-headed ogre
 14538 | D:12     | Killed a two-headed ogre
 14808 | D:12     | Reached **** piety under Qazlal
 14928 | D:12     | Found a flagged portal.
 14938 | Bailey   | Entered a bailey
 14997 | Bailey   | Found the +10 tower shield of Ignorance {rN+ Int-4}
 15243 | D:12     | Noticed a two-headed ogre
 15249 | D:12     | Killed a two-headed ogre
 15286 | D:12     | Reached skill level 12 in Axes
 15491 | D:12     | Found a flickering gateway to a bazaar.
 15504 | Bazaar   | Entered a bazaar
 15506 | Bazaar   | Found Mabronag's Weapon Boutique.
 15542 | Bazaar   | Found Dielo's Gadget Boutique.
 15542 | Bazaar   | Found Zaptiedgh's Jewellery Boutique.
 15543 | Bazaar   | Found Gumecas's Jewellery Boutique.
 15591 | D:12     | Noticed a four-headed hydra
 15604 | D:12     | Killed an eight-headed hydra
 15918 | D:12     | Found a staircase to the Orcish Mines.
 15919 | D:12     | Found Xudaf's Weapon Shoppe.
 15936 | Orc:1    | Entered Level 1 of the Orcish Mines
 15936 | Orc:1    | Found Avaminuag's Antique Weapon Emporium.
 15949 | Orc:1    | Found a transporter.
 15985 | Orc:1    | Reached ***** piety under Qazlal
 15989 | Orc:1    | Found Xiju's General Store.
 16029 | Orc:1    | Noticed DildoBatman's ghost (journeyman FoWz)
 16040 | Orc:1    | Noticed an orc sorcerer
 16045 | Orc:1    | Noticed a sixfirhy
 16059 | Orc:1    | Killed an orc sorcerer
 16059 | Orc:1    | Gained mutation: A demonic guardian rushes to your aid.
                  | [demonic ancestry]
 16059 | Orc:1    | Reached XP level 12. HP: 51/93 MP: 12/12
 16557 | Orc:2    | Entered Level 2 of the Orcish Mines
 16557 | Orc:2    | Found Kucvulus's Jewellery Emporium.
 16557 | Orc:2    | Noticed Sonja
 16558 | Orc:2    | Noticed Erolcha
 16820 | Orc:2    | Killed Sonja
 16822 | Orc:2    | Killed Erolcha
 16874 | Orc:2    | Noticed Josephine
 16881 | Orc:2    | Killed Josephine
 16881 | Orc:2    | Reached skill level 13 in Axes
 16954 | Orc:2    | Reached skill level 10 in Armour
 16984 | Orc:2    | Found a roughly hewn altar of Beogh.
 17334 | Orc:1    | Found a transporter.
 17579 | Orc:2    | Found a staircase to the Elven Halls.
 17941 | Orc:2    | Noticed an orc high priest
 18058 | Orc:2    | Paralysed by an orc sorcerer for 3 turns
 18404 | Orc:2    | Killed an orc high priest
 18551 | Orc:2    | Noticed an orc high priest
 18551 | Orc:2    | Noticed an orc high priest
 19272 | Orc:2    | Killed an orc high priest
 19280 | Orc:2    | Killed an orc high priest
 19343 | Orc:2    | Found Xaacw's Weapon Shop.
 19343 | Orc:2    | Found Lukkus's Book Shoppe.
 19345 | Orc:2    | Found Demil's Food Shop.
 19345 | Orc:2    | Found Esmail's Weapon Shoppe.
 19358 | Orc:2    | Bought a +6 battleaxe of electrocution for 674 gold pieces
 19361 | Orc:2    | Bought a +6 war axe of electrocution for 488 gold pieces
 19409 | Elf:1    | Entered Level 1 of the Elven Halls
 19469 | Elf:1    | Reached skill level 14 in Axes
 20008 | Elf:1    | Noticed a deep elf sorcerer
 20010 | Elf:1    | Cast into level 2 of the Abyss (a deep elf sorcerer)
 20078 | Abyss:2  | Noticed a balrug
 20083 | Abyss:2  | Noticed a starcursed mass
 20083 | Abyss:2  | Killed from afar by a balrug

Illustrated notes

Levels and vault maps discovered:
D:1:      mainiacjoe_arrival_reflecting_pool, layout_rooms, minmay_hexomino_p4
D:2:      layout_basic
D:3:      layout_loops_ring, uniq_sigmund, uniq_crazy_yiuf_cottage, uniq_terence
D:4:      layout_basic, first_ration
D:5:      layout_rooms, grunt_ministairs_15
D:6:      layout_rooms, temple_statues, serial_shops, shop, doesnt_xom_only_xom,
          uniq_prince_ribbit1, uniq_menkaure, uniq_eustachio
D:7:      layout_loops_corners, uniq_joseph
D:8:      layout_basic, tso_metal_star, dpeg_lair_monsters,
          hangedman_abyss_or_decor_passed
D:9:      layout_loops_corners, the_bakery, cheibriados_altar_1
D:10:     layout_rooms
D:11:     layout_irregular_city, serial_shops, nicolae_shop_statue_plus,
          nicolae_island_escapes
D:12:     layout_irregular_city, orc_david_3, enter_bailey_3, serial_shops,
          bzr_entry_water, jmf_multi_god_temple2
Temple:   minmay_crystal_snake_temple
Lair:1:   layout_cave_pods, minivault_11, infiniplex_staircase_pool,
          serial_bayou_shore_b
Orc:1:    layout_caves, serial_shops, nicolae_shop_window_shopping, shop,
          gammafunk_ghost_berserking_beasts
Orc:2:    grunt_orc_tribal_feast, layout_caves, basic_altar, serial_shops, shop,
          gauntlet_entry_generic, uniq_josephine, uniq_erolcha, uniq_sonja
Elf:1:    layout_loops_corners, hangedman_elf_represent,
          corexii_leaking_fountain
Abyss:2:  base: D:3, base: Vaults:4, evilmike_abyss_exit_9

Skill      XL: |  1  2  3  4  5  6  7  8  9 10 11 12 |
---------------+-------------------------------------+-----
Axes           | 3 5 6 7 8 10 12 14 | 14.1
Fighting       | 3 4 5 6 7 8 9 |  9.0
Armour         | 1 2 3 4 6 8 9 10 | 10.9
Dodging        | 3 |  3.0
Stealth        | 1 |  1.0
Shields        | 1 2 4 |  4.4
Throwing       | |  1.7

Action                   |  1- 3 |  4- 6 |  7- 9 | 10-12 || total
-------------------------+-------+-------+-------+-------++-------
Melee: War axe           |   116 |   191 |   228 |       ||   535
       Headbutt          |     5 |    38 |    81 |   189 ||   313
       Battleaxe         |       |       |   121 |   763 ||   884
Throw: Throwing net      |     3 |     2 |     1 |       ||     6
  Use: Scroll            |       |     7 |     5 |     4 ||    16
       Potion            |       |     1 |     5 |     4 ||    10
 Stab: Sleeping          |       |     1 |       |       ||     1
       Distracted        |       |       |       |     8 ||     8
  Eat: Chunk             |     2 |     4 |     5 |    15 ||    26
       Ration            |     1 |       |     4 |     9 ||    14
Armor: Leather armour    |    38 |    12 |       |       ||    50
       Scale mail        |       |    56 |     4 |       ||    60
       Plate armour      |       |       |   245 |   541 ||   786
Dodge: Dodged            |   106 |    67 |    84 |   348 ||   605
       Repelled          |       |       |       |    97 ||    97
Block: Tower shield      |       |   103 |   247 |       ||   350
       Other             |       |       |    10 |   186 ||   196
